 Dungeon Crawl Stone Soup version 0.31-a0-1529-g7bd419a0e5 (webtiles) character file.

Game seed: 825758304672509171

149 avis the Ducker (level 5, 28/28 HPs)
             Began as a Felid Reaver on Dec 31, 2023.
             Got out of the dungeon alive.
             The game lasted 00:16:07 (2892 turns).

avis the Ducker (Felid Reaver)                      Turns: 2892, Time: 00:16:08

Health: 28/28      AC:  1    Str: 10    XL:     5   Next: 9%
Magic:  9/9        EV: 18    Int: 16    God:
Gold:   208        SH:  0    Dex: 15    Spells: 5/8 levels left
                                        Lives:  1   Deaths: 1

rFire   . .          .
                       - Unarmed
rCold   . . .        (shield unavailable)
rNeg    . . .        (body armour unavailable)
rPois   .            (helmet unavailable)
rElec   .            (cloak unavailable)
rCorr   .            (gloves unavailable)
SInv    +            (boots unavailable)
Will    .....        (no amulet)
Stlth   ++           j - +4 ring of slaying
HPRegen 0.24/turn    (no ring)
MPRegen 0.11/turn

%: no passive effects
@: no status effects
A: very small, claws 1, fangs 3, see invisible, shaggy fur 1, stealthy paws, no
weapons or thrown items, no armour, multi-lived
a: no special abilities


You escaped.
You visited 1 branch of the dungeon, and saw 4 of its levels.

You collected 208 gold pieces.

Inventory:

Jewellery
 j - a +4 ring of slaying (left paw)
Wands
 h - a wand of charming (12)
Scrolls
 a - 2 scrolls of vulnerability {unknown}
 b - a scroll of blinking {unknown}
 d - a scroll of teleportation {unknown}
 f - 4 scrolls of identify {unknown}
Potions
 c - 2 potions of attraction {unknown}
 e - 2 potions of lignification
 g - a potion of degeneration {unknown}
 i - a potion of enlightenment {unknown}
 k - a potion of curing {unknown}


   Skills:
 - Level 3.0 Fighting
 * Level 4.2 Dodging
 - Level 2.0 Stealth
 - Level 4.0 Unarmed Combat
 - Level 2.0 Spellcasting
 - Level 3.0 Conjurations
 - Level 1.0 Necromancy


You had 5 spell levels left.
You knew the following spells:

 Your Spells              Type           Power      Damage    Failure   Level
a - Kiss of Death         Conj/Necr      32%        2d7       9%          1
b - Momentum Strike       Conj/Tloc      12%        3d8       17%         2

Your spell library contained the following spells:

 Spells                   Type           Power      Damage    Failure   Level
 Hailstorm                Conj/Ice       6%         3d5       32%         3


Dungeon Overview and Level Annotations

Branches:
Dungeon (4/15)
 Temple: D:4-7

Altars:
Sif Muna


Innate Abilities, Weirdness & Mutations

You have sharp claws.
You have razor-sharp teeth.
You have supernaturally acute eyesight. (SInv)
You are covered in fur. (AC +1)
Your paws help you pounce on unaware monsters.
You are incapable of wielding weapons or throwing items.
You cannot wear armour.
You gain extra lives every three experience levels.


Message History

The black bear bites you.
* * * LOW HITPOINT WARNING * * *
The black bear barely misses you. The black bear completely misses you.
You see here a ball python corpse.
The black bear attacks as it pursues you!
The black bear bites you.
* * * LOW HITPOINT WARNING * * *
The black bear closely misses you. x2
The black bear attacks as it pursues you!
The black bear misses you. The black bear completely misses you.
The black bear claws you.
* * * LOW HITPOINT WARNING * * *
The black bear attacks as it pursues you!
The black bear bites you but does no damage.
The black bear claws you.
* * * LOW HITPOINT WARNING * * *
The black bear claws you.
You die...
Your magical contamination has completely faded away.
You rejoin the land of the living...
Found a grey potion.
Found a scroll labelled AMAACL QYBITH.
There is a stone staircase leading up here.
You climb upwards.
There is a stone staircase leading down here.
Things that are here:
a +0 ring mail; a +0 dagger
There is a stone staircase leading up, spattered with blood here.
You climb upwards.
There is a stone staircase leading down here.
You enter the shallow water.
Moving in this stuff is going to be slow.
There is a stone staircase leading up here.
You climb upwards.
There is a stone staircase leading down here.
Things that are here:
5 stones; a +0 whip
There is a dry fountain here.
There is a staircase leading out of the dungeon here.
You have escaped!

###......................###
##...##.####.####.####.##...##
#..###...##...##...##...###..#
#.## #.⌠.##.⌠.##.⌠.##.⌠)# ##.#
#.####...##...##...##...####.#
#...###.####.####.####.###...#
#.⌠.###.####.####.####.###.⌠.#
#............................#
##.##.........@..........##.##
#............................#
#.⌠.###.####.####.####.###.⌠.#
#...###.####.####.####.###...#
#.####...##...##...##...####.#
#.## #.⌠.##.⌠.##.⌠.##.⌠.# ##.#
#..###...##...##...##...###..#
##....#.####.####.####.##...##
###.........(............###


There were no monsters in sight!

Vanquished Creatures
  A jelly (D:3)
  Ijyb (D:3)
  4 adders
  2 dart slugs
  2 orcs
  5 ball pythons
  5 bats
  An endoplasm (D:2)
  A giant cockroach (D:1)
  5 goblins
  6 hobgoblins
  7 kobolds
  2 quokkas
  6 frilled lizards
  3 rats
51 creatures vanquished.

Notes
Turn   | Place    | Note
-------+----------+-------------------------------------------
     0 | D:1      | avis the Felid Reaver began the quest for the Orb.
     0 | D:1      | Reached XP level 1. HP: 11/11 MP: 4/4
   108 | D:1      | Reached skill level 1 in Necromancy
   222 | D:1      | Reached XP level 2. HP: 14/15 MP: 6/6
   497 | D:1      | Found a faded altar of an unknown god.
   770 | D:2      | Reached XP level 3. HP: 16/17 MP: 5/7
  1207 | D:2      | Found a shimmering blue altar of Sif Muna.
  1755 | D:3      | Reached XP level 4. HP: 17/24 MP: 8/8
  1755 | D:3      | Gained a life (2 lives remaining)
  1856 | D:3      | Noticed Ijyb
  1934 | D:3      | Killed Ijyb
  1991 | D:3      | Reached skill level 1 in Stealth
  2065 | D:3      | Learned a level 2 spell: Momentum Strike
  2626 | D:4      | Noticed a black bear
  2635 | D:3      | Reached XP level 5. HP: 26/28 MP: 9/9
  2804 | D:4      | HP: 1/28 [black bear (4)]
  2804 | D:4      | Slain by a black bear
  2804 | D:4      | Lost a life (1 life remaining)
  2892 | D:$      | Got out of the dungeon alive.

Illustrated notes

Levels and vault maps discovered:
D:1:      dpeg_arrival_chambers_temple_mockup, layout_basic,
          dilly_ecumenical_altar_fadedgnrine
D:2:      layout_loops_ring, basic_altar, serial_rivers,
          chequers_serial_rivers_large_a, chequers_serial_rivers_room_b,
          chequers_serial_rivers_small_a, chequers_serial_rivers_marsh,
          chequers_serial_rivers_micro_c
D:3:      layout_basic, corexii_shack, uniq_ijyb
D:4:      layout_basic, evilmike_ruin_ashenzari, serial_shops,
          nicolae_shop_stone, roderic_serpentine_path

Skill      XL: |  1  2  3  4 |
---------------+-------------+-----
Necromancy     | 1 |  1.0
Conjurations   | 3 |  3.0
Dodging        | 3 4 |  4.2
Fighting       | 3 |  3.0
Unarmed Combat | 4 |  4.0
Stealth        | 2 |  2.0
Spellcasting   | |  2.0

Action                     |  1- 3 |  4- 6 || total
---------------------------+-------+-------++-------
  Melee: Unarmed           |   106 |    57 ||   163
         Bite              |     8 |     5 ||    13
         Punch             |     3 |       ||     3
   Cast: Kiss of Death     |     1 |     1 ||     2
         Momentum Strike   |       |     1 ||     1
    Use: Potion            |       |     1 ||     1
   Stab: Sleeping          |     4 |     1 ||     5
 Armour: Skin              |    32 |    37 ||    69
  Dodge: Dodged            |    71 |    46 ||   117

Table legend: (Time is in decaauts)
 A = Elapsed time spent in this place.
 B = Non-inter-level travel time spent in this place.
 C = Inter-level travel time spent in this place.
 D = Time resting spent in this place.
 E = Time spent auto-exploring this place.
 F = Levels seen in this place.
 G = Mean time per level.
                   A        B        C        D        E       F      G
               +--------+--------+--------+--------+--------+-----+--------+
         Total |   2904 |   2587 |    317 |    502 |   1356 |   4 |  726.0 |
       Dungeon |   2904 |   2587 |    317 |    502 |   1356 |   4 |  726.0 |
               +--------+--------+--------+--------+--------+-----+--------+

Top non-repeatable levels by time:
     D:2: 1070 daAuts
     D:3: 1009 daAuts
     D:1: 716 daAuts
     D:4: 108 daAuts
